 Dungeon Crawl Stone Soup version 0.31-a0-664-g902f515a81 (webtiles) character file.

Game seed: 16311128786076770778

3864 demibob the Cruncher (level 9, -30/68 HPs)
             Began as a Demonspawn Chaos Knight on Sept 2, 2023.
             Was a Plaything of Xom.
             Hit by a large rock thrown by a cyclops (33 damage)
             ... on level 8 of the Dungeon.
             The game lasted 00:12:46 (8154 turns).

demibob the Cruncher (Demonspawn Chaos Knight)      Turns: 8154, Time: 00:12:48

Health: -30/68     AC:  8    Str: 23    XL:     9   Next: 99%
Magic:  6/9        EV: 11    Int: 19    God:    Xom [.....*]
Gold:   501        SH:  4    Dex: 10    Spells: 8/8 levels left

rFire   + + +        a - +1 lajatang (elec)
rCold   + . .        (shield currently unavailable)
rNeg    . . .        b - +2 leather armour
rPois   .            (no helmet)
rElec   +            q - +0 cloak
rCorr   .            (no gloves)
SInv    .            c - +0 pair of boots "Ydete" {Str+3}
Will    ++...        l - amulet of faith {!P}
Stlth   +            W - ring of willpower
HPRegen 0.31/turn    o - ring of Tuneupn {rF+ rC+ Will+}
MPRegen 0.11/turn

%: clarity, faith
@: about to teleport, invisible
A: hooves 2, large bone plates 1, demonic magic 2, clarity, clever 2, clumsy 1,
fire resistance 2, high MP 1, shaggy fur 1, electricity resistance, strong 2,
wild magic 1, no potion heal 1, MP-powered wands, sturdy frame 1, noise
suppression
a: Renounce Religion


You were on level 8 of the Dungeon.
You worshipped Xom.
You were Xom's teddy bear.
You visited 1 branch of the dungeon, and saw 8 of its levels.

You collected 501 gold pieces.


Innate Abilities, Weirdness & Mutations

You have hoof-like feet.
You are partially covered in large bone plates. (SH +4)
Spells you cast may paralyse nearby enemies.
You possess an exceptional clarity of mind.
Your mind is very acute. (Int +8, Str/Dex -2)
You are clumsy. (Dex -2)
Your flesh is very heat resistant. (rF++)
You have an increased reservoir of magic. (+10% MP)
You are covered in fur. (AC +1)
You are resistant to electric shocks. (rElec)
Your muscles are very strong. (Str +8, Int/Dex -2)
Your spells are a little harder to cast, but a little more powerful.
Potions are less effective at restoring your health.
You expend magic power (3 MP) to strengthen your wands.
Your movements are slightly less encumbered by armour. (ER -2)
You passively dampen the noise of your surroundings.


   Skills:
 + Level 5.5 Fighting
 - Level 4.7(8.2) Polearms
 * Level 10.4(10.9) Staves
 - Level 1.7 Armour
 - Level 0.8 Dodging
 - Level 5.8 Evocations


You had 8 spell levels left.
You didn't know any spells.
Your spell library contained the following spells:

 Spells                   Type           Power      Damage    Failure   Level
 Sandblast                Erth           0%         2d4       28%         1
 Passwall                 Tmut/Erth      0%         N/A       38%         2
 Poisonous Vapours        Pois/Air       0%         N/A       38%         2
 Dazzling Flash           Conj/Hex       0%         N/A       61%         3
 Mephitic Cloud           Conj/Pois/Air  0%         N/A       61%         3
 Stone Arrow              Conj/Erth      0%         3d7       61%         3
 Volatile Blastmotes      Fire/Tloc      0%         2d10      61%         3
 Freezing Cloud           Conj/Ice/Air   0%         6-21      100%        5
 Starburst                Conj/Fire      0%         6d3       100%        6
 Maxwell's Capacitive Co  Air            0%         ∞         100%        8

Inventory:

Hand Weapons
 a - a +1 lajatang of electrocution (weapon)
 g - the +1 falchion of Neacor {speed, rPois SInv}
   (You took it off an orc on level 5 of the Dungeon)

   rPois:     It protects you from poison SInv: It lets you see invisible.
 h - a +0 spear of chaos
Armour
 b - a +2 leather armour (worn)
 c - the +0 pair of boots "Ydete" (worn) {Str+3}
   (Xom gifted it to you on level 7 of the Dungeon)

   Str+3:     It affects your strength (+3).
 q - a +0 cloak (worn)
Magical Staves
 i - a staff of conjuration {!a}
 m - a staff of cold {!a}
Jewellery
 l - an amulet of faith (around neck) {!P}
 o - the ring of Tuneupn (right hand) {rF+ rC+ Will+}
   (You found it on level 8 of the Dungeon)

   [ring of protection from fire]

   rF+:       It protects you from fire.
   rC+:       It protects you from cold.
   Will+:     It increases your willpower.
 F - a ring of fire
 W - a ring of willpower (left hand)
Wands
 j - a wand of acid (3)
 p - a wand of flame (34)
 s - a wand of iceblast (13)
Scrolls
 d - 2 scrolls of teleportation {@r2}
 e - 2 scrolls of identify {@r1}
 r - a scroll of brand weapon
 u - a scroll of vulnerability
Potions
 k - 2 potions of attraction
 n - 3 potions of brilliance
 t - 2 potions of ambrosia {unknown}
 v - a potion of resistance {unknown}
 w - a potion of lignification {unknown}

Dungeon Overview and Level Annotations

Branches:
Dungeon (8/15)             Temple (0/1) D:6
   Lair: D:8-11

Altars:
Ashenzari
Dithmenos
Gozag
Makhleb
Nemelex Xobeh
Okawaru
Vehumet
Xom

Annotations:
D:6 3 runed translucent doors, Juicyj's ghost, novice DsGl
D:7 1 runed translucent door, Crazy Yiuf
D:8 4 runed translucent doors

## ############ ##.#
...........# #..##
........##.# ....#
.######..#.#####...##
## ##.#.#.##.....## #
#....o#.k...).### #
#...o9)..@....... #
'.▒▒'C▒▒......... #
#▒▒8..8▒▒..(..... ##
▒8.Coo8▒..#..... .#
▒(..o.)▒........ .#
▒:....(▒........ ##
▒8....8▒........ #
#▒▒8..8▒▒........ #
+.▒▒++▒▒........


You could see a cyclops (unable to see you), a swamp drake (unable to see you),
a gargoyle (unable to see you, corroded) and 2 orcs.


Message History

Several doors burst open!
There are monsters nearby!
Unknown command.
You hear Xom's avuncular chuckle.
The orc warrior evaporates and reforms as a swamp drake!
Your system partially rejects the healing.
You feel much better.
The gargoyle hurls a stone arrow at you.
The stone arrow hits the swamp drake!
Okay, then.
Aiming: Corrosive Bolt
Press: ? - help, Shift-Dir - straight line, f - swamp drake
Aim: a swamp drake (heavily wounded, wandering, unable to see you, hasn't noticed you, 71% to hit)
You feel a surge of power!
The bolt of acid misses the swamp drake.
The bolt of acid hits the gargoyle!!
The acid corrodes the gargoyle!
The gargoyle is severely damaged.
The bolt of acid misses the orc.
The swamp drake roars!
The cyclops throws a large rock.
The large rock hits you!!!
Ouch! That really hurt!
* * * LOW HITPOINT WARNING * * *
The gargoyle hurls a stone arrow at you.
The stone arrow misses you.
As you read the scroll of teleportation {@r2}, it crumbles to dust.
You feel strangely unstable.
The swamp drake bites you but does no damage.
The cyclops throws a large rock.
The large rock hits you!!
You die...
Xom is highly amused!

Skill      XL: |  1  2  3  4  5  6  7  8  9 |
---------------+----------------------------+-----
Polearms       | 3 4 |  4.7
Staves         | 3 4 6 8 10 | 10.4
Evocations     | 2 3 5 |  5.8
Fighting       | 5 |  5.5
Armour         | |  1.7
Dodging        | |  0.8

Action                     |  1- 3 |  4- 6 |  7- 9 || total
---------------------------+-------+-------+-------++-------
  Melee: Spear             |   152 |     7 |       ||   159
         Kick              |    22 |    27 |    57 ||   106
         Lajatang          |       |   109 |   309 ||   418
  Evoke: Wand              |       |     2 |     5 ||     7
    Use: Scroll            |     3 |     2 |     9 ||    14
         Potion            |       |     1 |     8 ||     9
   Stab: Paralysed         |     3 |       |     2 ||     5
         Petrifying        |     1 |       |       ||     1
         Sleeping          |     1 |       |       ||     1
         Invisible         |       |       |     2 ||     2
 Armour: Leather armour    |    54 |    60 |   216 ||   330
  Dodge: Dodged            |    58 |    80 |   152 ||   290
  Block: Other             |       |    10 |    60 ||    70

Levels and vault maps discovered:
D:1:      lemuel_arrival_cross, layout_basic
D:2:      layout_rooms, chequers_big_river
D:3:      layout_rooms, makhleb_altar_promises_db, uniq_sigmund
D:4:      layout_loops_ring, nemelex_xobeh_ov_fountains_minmay, uniq_eustachio
D:5:      layout_loops_ring, nicolae_gozag_conspicuous_consumption,
          mainiacjoe_overflow_surrounded_room, hex_large, grunt_decor_fettered
D:6:      layout_cave_pods, lemuel_tele_altar, minmay_temple_entry_sparse_star,
          ebering_ghost_rock_garden, uniq_blork_the_orc, uniq_duvessa
D:7:      layout_rooms, okawaru_trees_1, uniq_crazy_yiuf_cottage
D:8:      layout_cave_pools, grunt_dithmenos_smoke_and_mirrors,
          lemuel_round_altar, minmay_hollow_rounded_squares, uniq_maurice

Notes
Turn   | Place    | Note
-------+----------+-------------------------------------------
     0 | D:1      | demibob the Demonspawn Chaos Knight began the quest for the
                  | Orb.
     0 | D:1      | Reached XP level 1. HP: 18/18 MP: 1/1
    59 | D:1      | Reached skill level 3 in Polearms
   105 | D:1      | Gained mutation: You have large cloven feet. [demonic
                  | ancestry]
   105 | D:1      | Reached XP level 2. HP: 19/24 MP: 2/2
   207 | D:1      | XOM: silly message
   351 | D:1      | XOM: cloud trail
   421 | D:1      | XOM: silly message
   622 | D:1      | XOM: divination: magic mapping
   896 | D:1      | XOM: silly message
  1000 | D:2      | Gained mutation: Spells you cast may paralyse adjacent
                  | enemies. [demonic ancestry]
  1000 | D:2      | Reached XP level 3. HP: 25/29 MP: 3/3
  1112 | D:2      | XOM: silly message
  1118 | D:2      | Reached skill level 4 in Polearms
  1149 | D:2      | XOM: silly message
  1812 | D:3      | Reached XP level 4. HP: 27/35 MP: 4/4
  1944 | D:3      | XOM: silly message
  1952 | D:3      | Noticed Sigmund
  1992 | D:3      | XOM: 4-stop teleportation journey
  2037 | D:3      | XOM: scenery: summon butterflies
  2222 | D:3      | Reached skill level 1 in Staves
  2327 | D:3      | Found a burning altar of Makhleb.
  2329 | D:3      | Noticed a green death
  2396 | D:3      | Killed Sigmund
  2397 | D:3      | Reached skill level 3 in Staves
  2397 | D:3      | Reached XP level 5. HP: 39/41 MP: 5/5
  2397 | D:3      | Gained mutation: You are partially covered in large bone
                  | plates. (SH +4) [demonic ancestry]
  2397 | D:3      | Reached XP level 6. HP: 45/47 MP: 6/6
  2677 | D:4      | XOM: 4-stop teleportation journey
  2805 | D:4      | XOM: enchant monster (good)
  2824 | D:4      | XOM: summons friendly shadow imp
  2876 | D:4      | Found a sparkling altar of Nemelex Xobeh.
  2912 | D:4      | Reached skill level 4 in Staves
  2912 | D:4      | Reached skill level 1 in Evocations
  2938 | D:4      | HP: 6/70 [orc priest/+0 short sword (5)]
  3006 | D:4      | XOM: god gift: scroll labelled ESOADW HUMUC {god gift}
  3105 | D:4      | Reached skill level 2 in Evocations
  3159 | D:4      | XOM: give mutations
  3159 | D:4      | Gained mutation: Your flesh is heat resistant. (rF+) [Xom's
                  | grace]
  3159 | D:4      | Gained mutation: You are resistant to electric shocks.
                  | (rElec) [Xom's grace]
  3159 | D:4      | Gained mutation: Your muscles are strong. (Str +4, Int/Dex
                  | -1) [Xom's grace]
  3161 | D:4      | XOM: scenery: summon butterflies
  3212 | D:4      | Noticed Eustachio
  3223 | D:4      | XOM: destruction
  3227 | D:4      | Reached XP level 7. HP: 50/52 MP: 7/7
  3238 | D:4      | Killed Eustachio
  3239 | D:4      | Reached skill level 5 in Staves
  3239 | D:4      | XOM: 5-stop teleportation journey
  3494 | D:5      | Entered Level 5 of the Dungeon
  3607 | D:5      | Reached skill level 3 in Evocations
  3616 | D:5      | XOM: divination: detect creatures
  3647 | D:5      | XOM: divination: detect items
  3672 | D:5      | XOM: 2-stop teleportation journey
  3675 | D:5      | XOM: 1-stop teleportation journey
  3684 | D:5      | XOM: 1-stop teleportation journey
  3772 | D:5      | Found an opulent altar of Gozag.
  3778 | D:5      | Found an opulent altar of Gozag.
  3778 | D:5      | Found an opulent altar of Gozag.
  3782 | D:5      | Identified the +1 falchion of Neacor {speed, rPois SInv}
  3783 | D:5      | Found an opulent altar of Gozag.
  3874 | D:5      | XOM: god gift: scroll labelled DEDESTR LUOPE {god gift}
  3877 | D:5      | Reached skill level 6 in Staves
  3913 | D:5      | XOM: 2-stop teleportation journey
  4049 | D:5      | XOM: summons 3 friendly demons
  4147 | D:5      | Reached XP level 8. HP: 22/58 MP: 8/8
  4218 | D:5      | XOM: give mutations
  4218 | D:5      | Gained mutation: Your muscles are very strong. (Str +8,
                  | Int/Dex -2) [Xom's grace]
  4218 | D:5      | Gained mutation: You are covered in fur. (AC +1) [Xom's
                  | grace]
  4328 | D:5      | XOM: confuse monster(s)
  4332 | D:5      | Reached skill level 4 in Evocations
  4382 | D:5      | XOM: noise
  4616 | D:5      | Found a broken altar of Ashenzari.
  4828 | D:6      | Found a staircase to the Ecumenical Temple.
  4942 | D:6      | Noticed Blork the orc
  4953 | D:6      | Killed Blork the orc
  4954 | D:6      | Reached skill level 7 in Staves
  5213 | D:6      | Found a radiant altar of Vehumet.
  5292 | D:6      | Found a runed translucent gate.
  5292 | D:6      | Found a runed translucent gate.
  5292 | D:6      | Found a runed translucent gate.
  5296 | D:6      | Noticed Juicyj's ghost (novice DsGl)
  5380 | D:6      | XOM: potion effect (haste)
  5434 | D:6      | Reached skill level 5 in Evocations
  5548 | D:6      | Noticed Duvessa
  5549 | D:6      | Noticed Dowan
  5553 | D:6      | Killed Duvessa
  5554 | D:6      | Reached skill level 8 in Staves
  5554 | D:6      | XOM: silly message
  5559 | D:6      | Killed Dowan
  5573 | D:6      | XOM: divination: magic mapping
  5610 | D:6      | XOM: give mutations
  5610 | D:6      | Gained mutation: Potions are less effective at restoring
                  | your health. [Xom's mischief]
  5610 | D:6      | Gained mutation: You are clumsy. (Dex -2) [Xom's mischief]
  5647 | D:6      | XOM: fake destruction
  5654 | D:6      | XOM: enchant monster (good)
  5668 | D:6      | XOM: cast spell 'Cause Fear'
  5711 | D:6      | XOM: scenery: create altars
  5717 | D:6      | XOM: cast spell 'Olgreb's Toxic Radiance'
  5718 | D:6      | XOM: confusion
  5719 | D:6      | XOM: scenery: create altars
  5722 | D:6      | Gained mutation: Spells you cast may paralyse nearby
                  | enemies. [demonic ancestry]
  5722 | D:6      | Reached XP level 9. HP: 42/63 MP: 9/9
  5841 | D:6      | XOM: 1-stop teleportation journey
  6241 | D:6      | XOM: god gift: lumpy silvery potion {god gift}
  6255 | D:6      | XOM: god gift: 3 stones
  6385 | D:6      | XOM: give mutations
  6385 | D:6      | Gained mutation: Your mind is acute. (Int +4, Str/Dex -1)
                  | [Xom's grace]
  6385 | D:6      | Gained mutation: Your mind is very acute. (Int +8, Str/Dex
                  | -2) [Xom's grace]
  6385 | D:6      | Gained mutation: Your spells are a little harder to cast,
                  | but a little more powerful. [Xom's grace]
  6422 | D:6      | XOM: give mutations
  6422 | D:6      | Gained mutation: You have hoof-like feet. [Xom's grace]
  6603 | D:7      | HP: 6/64 [poisoned by a gnoll sergeant]
  6616 | D:7      | Reached skill level 9 in Staves
  6644 | D:7      | XOM: god gift: pair of smoking boots {god gift}
  6644 | D:7      | Identified the +0 pair of boots "Ydete" {Str+3} (Xom gifted
                  | it to you on level 7 of the Dungeon)
  6841 | D:7      | Reached skill level 4 in Fighting
  6886 | D:6      | XOM: give mutation
  6886 | D:6      | Gained mutation: You expend magic power (3 MP) to
                  | strengthen your wands. [Xom's grace]
  7223 | D:7      | Found an iron altar of Okawaru.
  7630 | D:7      | Found a runed translucent door.
  7631 | D:7      | Noticed Crazy Yiuf
  7680 | D:7      | XOM: give mutations
  7680 | D:7      | Gained mutation: Your movements are slightly less
                  | encumbered by armour. (ER -2) [Xom's grace]
  7680 | D:7      | Gained mutation: You have an increased reservoir of magic.
                  | (+10% MP) [Xom's grace]
  7680 | D:7      | Gained mutation: Your flesh is very heat resistant. (rF++)
                  | [Xom's grace]
  7680 | D:7      | Gained mutation: You passively dampen the noise of your
                  | surroundings. [Xom's grace]
  7840 | D:8      | Found a shadowy altar of Dithmenos.
  7879 | D:8      | XOM: enchant monster (good)
  7927 | D:8      | XOM: give mutation
  7927 | D:8      | Gained mutation: You possess an exceptional clarity of
                  | mind. [Xom's grace]
  7950 | D:8      | XOM: 1-stop teleportation journey
  7970 | D:8      | Identified the ring of Tuneupn {rF+ rC+ Will+}
  8082 | D:8      | Found a large runed translucent door.
  8082 | D:8      | Found a large runed translucent door.
  8126 | D:8      | Found a large runed translucent door.
  8126 | D:8      | Found a large runed translucent door.
  8134 | D:8      | Noticed a cyclops
  8134 | D:8      | Noticed a gargoyle
  8136 | D:8      | Noticed Maurice
  8136 | D:8      | Noticed a two-headed ogre
  8136 | D:8      | Maurice changed into Maurice the bullfrog
  8136 | D:8      | Noticed Maurice
  8136 | D:8      | XOM: polymorph Maurice -> Maurice the bullfrog
  8137 | D:8      | XOM: potion effect (invisibility)
  8143 | D:8      | Killed Maurice the bullfrog
  8144 | D:8      | Reached skill level 10 in Staves
  8145 | D:8      | Killed a two-headed ogre
  8146 | D:8      | Reached skill level 5 in Fighting
  8149 | D:8      | XOM: scenery: 3 doors open
  8151 | D:8      | XOM: polymorph orc warrior -> swamp drake
  8153 | D:8      | HP: 3/68 [cyclops/large rock (37)]
  8154 | D:8      | Hit by a large rock thrown by a cyclops

Vanquished Creatures
  A two-headed ogre (D:8)
  Sigmund (D:3)
  Eustachio (D:4)
  Duvessa (D:6)
  2 water moccasins
  2 orc warriors (D:7)
  2 black bears
  3 ice beasts
  4 centaurs
  2 kobold brigands (D:8)
  Blork the orc (D:6)
  5 bullfrogs
  A gnoll sergeant (D:7)
  2 scorpions
  Dowan (D:6)
  A howler monkey (D:6)
  6 orc priests
  3 hounds
  A jelly (D:7)
  A gnoll bouda (D:6)
  2 sleepcaps (D:6)
  3 iguanas
  8 orc wizards
  7 gnolls
  7 adders
  3 white imps
  A worm (D:4)
  A dart slug (D:2)
  23 orcs
  6 endoplasms
  10 goblins
  6 hobgoblins
  8 jackals
  3 quokkas
  8 ball pythons
  A bat (D:1)
  3 frilled lizards (D:2)
  18 kobolds
  9 rats
168 creatures vanquished.

Vanquished Creatures (others)
  A jackal zombie (D:1)
1 creature vanquished.

Grand Total: 169 creatures vanquished

Table legend: (Time is in decaauts)
 A = Elapsed time spent in this place.
 B = Non-inter-level travel time spent in this place.
 C = Inter-level travel time spent in this place.
 D = Time resting spent in this place.
 E = Time spent auto-exploring this place.
 F = Levels seen in this place.
 G = Mean time per level.
                   A        B        C        D        E       F      G
               +--------+--------+--------+--------+--------+-----+--------+
         Total |   8150 |   7894 |    256 |    737 |   5941 |   8 | 1018.8 |
       Dungeon |   8150 |   7894 |    256 |    737 |   5941 |   8 | 1018.8 |
               +--------+--------+--------+--------+--------+-----+--------+

Top non-repeatable levels by time:
     D:6: 2029 daAuts
     D:5: 1336 daAuts
     D:4: 1005 daAuts
     D:1: 990 daAuts
     D:7: 903 daAuts
     D:2: 790 daAuts
     D:3: 738 daAuts
     D:8: 355 daAuts

Table legend:
 A = Non-vault XP
 B = Vault XP
 C = Vault XP percentage of total XP
 D = Non-vault monster count
 E = Vault monster count
 F = Vault count percentage of total count
                 A         B        C        D         E       F
            +---------+---------+-------+---------+---------+-------
      Total |    4686 |     834 |  15.1 |     161 |       6 |   3.6
            +---------+---------+-------+---------+---------+-------
        D:1 |      38 |       0 |   0.0 |      23 |       0 |   0.0
        D:2 |      45 |       0 |   0.0 |      20 |       0 |   0.0
        D:3 |      86 |     214 |  71.3 |      17 |       1 |   5.6
        D:4 |     356 |     211 |  37.2 |      18 |       1 |   5.3
        D:5 |     740 |       0 |   0.0 |      17 |       0 |   0.0
        D:6 |    1154 |     316 |  21.5 |      29 |       3 |   9.4
        D:7 |    1083 |       0 |   0.0 |      21 |       0 |   0.0
        D:8 |    1184 |      93 |   7.3 |      16 |       1 |   5.9
            +---------+---------+-------+---------+---------+-------
